 Dungeon Crawl Stone Soup version 0.29-a0-925-g0a7a3d12f8 (webtiles) character file.

Game seed: 1599376778923083063

6 Newt the Gusty (level 1, -7/9 HPs)
             Began as a Vine Stalker Air Elementalist on July 29, 2022.
             Killed by an exploding adder (16 damage)
             ... ignited by their inner flame
             ... on level 2 of the Dungeon.
             The game lasted 00:01:01 (428 turns).

Newt the Gusty (Vine Stalker Air Elementalist)       Turns: 428, Time: 00:01:02

Health: -7/9       AC:  3    Str: 10    XL:     1   Next: 90%
Magic:  0/4        EV: 12    Int: 15    God:
Gold:   33         SH:  0    Dex: 14    Spells: 3/4 levels left

rFire   . . .      SeeInvis .   (no weapon)
rCold   . . .      Faith    .   (no shield)
rNeg    . . .      Spirit   +   a - +0 robe
rPois   .          Reflect  .   (no helmet)
rElec   .          Harm     .   (no cloak)
rCorr   .          Rampage  .   e - +0 pair of gloves
Will    .....                   (no boots)
Stlth   ++........              (no amulet)
HPRegen 0.03/turn               (no ring)
MPRegen 0.09/turn               (no ring)

@: very slightly contaminated
A: fangs 2, magic shield, antimagic bite, no potion heal 2
a: no special abilities


You were on level 2 of the Dungeon.
You visited 1 branch of the dungeon, and saw 2 of its levels.

You collected 33 gold pieces.

Inventory:

Armour
 a - a +0 robe (worn)
 e - a +0 pair of gloves (worn)
Scrolls
 d - 2 scrolls of immolation
Potions
 b - a potion of magic
 c - a potion of haste {unknown}


   Skills:
 + Level 1.5 Dodging
 - Level 2.4 Stealth
 + Level 2.2 Spellcasting
 + Level 1.0 Conjurations
 + Level 3.3 Air Magic


You had 3 spell levels left.
You knew the following spells:

 Your Spells              Type           Power      Damage    Failure   Level
a - Shock                 Conj/Air       32%        1d5       9%          1

Your spell library contained the following spells:

 Spells                   Type           Power      Damage    Failure   Level
 Static Discharge         Conj/Air       8%         3-4/arc   13%         2
 Swiftness                Air            11%        N/A       16%         3
 Airstrike                Air            5%         0-3+      47%         4


Dungeon Overview and Level Annotations

Branches:
Dungeon (1/15)

Altars:


Innate Abilities, Weirdness & Mutations

You have extremely sharp teeth.
When hurt, damage is shared between your health and your magic reserves.
Your bite disrupts and absorbs the magic of your enemies.
Potions cannot restore your health.


Message History

Aiming: Shock (safe; 9% risk of failure)
Press: ? - help, Q - select action Shift-Dir - straight line, f - adder
Aim: an adder (asleep, 100% to hit)
You miscast Shock.
You are very lightly contaminated with residual magic.
Nothing appears to happen.
Aiming: Shock (safe; 9% risk of failure)
Press: ? - help, Q - select action Shift-Dir - straight line, f/p - adder
Aim: an adder (asleep, 100% to hit)
You miscast Shock.
Nothing appears to happen.
Unknown command.
Aiming: Shock (safe; 9% risk of failure)
Press: ? - help, Q - select action Shift-Dir - straight line, f/p - adder
Aim: an adder (asleep, 100% to hit)
The zap hits the adder.
The adder is lightly wounded.
The adder hisses angrily.
You hear a shout!
A kobold comes into view. It is wielding a +0 dagger of speed.
Aiming: Shock (safe; 9% risk of failure)
Press: ? - help, Q - select action Shift-Dir - straight line, f/p - adder
Aim: an adder (lightly wounded, 48% to hit)
The zap misses the adder.
The kobold throws a stone.
The stone hits you but does no damage.
Unknown command.
You don't have enough magic to cast this spell.
You don't have enough magic to cast this spell.
Okay, then.
Okay, then.
As you read the scroll labelled LOJ QIOLIM, it crumbles to dust.
The creatures around you are filled with an inner flame!
It was a scroll of immolation.
You miss the adder.
Flame seeps out of the adder.
You bite the adder. You drain its power.
You feel invigorated.
The adder is moderately wounded.
The adder is engulfed in blazing flames.
The adder explodes!
The fiery explosion engulfs you!!
Ouch! That really hurt!
You die...

##...##.# ######........
#........###.# #.
#.......#...#. ##.###
#.......#...#.
#.....########......###..#.
.##..................#...#..#
.....................#...#...
..........§§@....#...#...##..
.........§○§.....###.###..#.
#......§§§..............#.
#..............###.###..#.
#....K........#...#...##..
.....##.########.....#...#...
.... #$# ##....#...#..# . #..
####..###..#. .... #...#...#.


You could see a kobold (inner flame).

Vanquished Creatures
  An adder (D:2)
  2 endoplasms
  A hobgoblin (D:1)
  2 ball pythons
  A frilled lizard (D:1)
7 creatures vanquished.

Notes
Turn   | Place    | Note
-------+----------+-------------------------------------------
     0 | D:1      | Newt the Vine Stalker Air Elementalist began the quest for
                  | the Orb.
     0 | D:1      | Reached XP level 1. HP: 9/9 MP: 4/4
    29 | D:1      | Found a faded altar of an unknown god.
    33 | D:1      | Noticed a golden eye
    36 | D:1      | Noticed an eye of devastation
    36 | D:1      | Noticed a shining eye
    36 | D:1      | Noticed a floating eye
   282 | D:1      | You fall into a shaft and drop 1 floor!
   428 | D:2      | Killed by an exploding adder... ignited by their inner
                  | flame

Illustrated notes

Levels and vault maps discovered:
D:1:      roderic_chinese_lattice_arrival, layout_loops_corners,
          hellmonk_ecumenical_altar_watching_god
D:2:      layout_basic, serial_glass, glass_columns_a, glass_columns_b,
          nicolae_titane

Action                   || total
-------------------------++-------
Melee: Unarmed           ||     6
       Bite              ||     2
 Cast: Shock             ||    10
  Use: Scroll            ||     1
Armor: Robe              ||     2
Dodge: Dodged            ||     2

Table legend: (Time is in decaauts)
 A = Elapsed time spent in this place.
 B = Non-inter-level travel time spent in this place.
 C = Inter-level travel time spent in this place.
 D = Time resting spent in this place.
 E = Time spent auto-exploring this place.
 F = Levels seen in this place.
 G = Mean time per level.
                   A        B        C        D        E       F      G
               +--------+--------+--------+--------+--------+-----+--------+
         Total |    427 |    427 |      0 |      0 |    374 |   2 |  213.5 |
       Dungeon |    427 |    427 |      0 |      0 |    374 |   2 |  213.5 |
               +--------+--------+--------+--------+--------+-----+--------+

Top non-repeatable levels by time:
     D:1: 282 daAuts
     D:2: 145 daAuts
